 Dungeon Crawl Stone Soup version 0.22-a0-785-g6253c82ace (webtiles) character file.

51 Htamos the Ducker (level 3, 0/18 HPs)
             Began as a Felid Monk on July 20, 2018.
             Slain by an orc
             ... wielding a +0 club
              (3 damage)
             ... on level 3 of the Dungeon.
             The game lasted 00:03:58 (2757 turns).

Htamos the Ducker (Felid Monk)                      Turns: 2757, Time: 00:03:59

Health: 0/18       AC:  1    Str:  7    XL:     3   Next: 57%
Magic:  4/4        EV: 22    Int: 11    God:
Gold:   84         SH:  0    Dex: 19    Spells: 2/2 levels left
                                        Lives:  0   Deaths: 1

rFire    . . .     SeeInvis +     - Unarmed
rCold    . . .     Gourm    .   (shield unavailable)
rNeg     . . .     Faith    .   (armour unavailable)
rPois    +         Spirit   .   (helmet unavailable)
rElec    .         Reflect  .   (cloak unavailable)
rCorr    .         Harm     .   (gloves unavailable)
MR       .....                  (boots unavailable)
Stlth    +++.......             (no amulet)
HPRegen  0.06/turn              k - ring of poison resistance
MPRegen  0.09/turn              (no ring)

@: quick
A: very small, no armour, no weapons or thrown items, stealth, claws 1, fangs 3,
see invisible, carnivore, speed 1, shaggy fur 1, slow metabolism 1, sharp paws
a: no special abilities


You were on level 3 of the Dungeon.
You were full.

You visited 1 branch of the dungeon, and saw 3 of its levels.

You collected 84 gold pieces.

Inventory:

Jewellery
 k - a ring of poison resistance (left paw)
 n - a cursed ring of loudness {unknown}
Scrolls
 b - a scroll of identify {unknown}
 e - 2 scrolls of fog {unknown}
 h - 2 scrolls of teleportation {unknown}
 i - a scroll of enchant weapon {unknown}
 l - 2 scrolls of remove curse {unknown}
 o - a scroll of magic mapping {unknown}
Potions
 d - a potion of degeneration
 m - a potion of cancellation {unknown}
Comestibles
 a - 3 rations


   Skills:
 + Level 3.7 Fighting
 * Level 5.8 Dodging
 - Level 2.6 Stealth
 + Level 3.7 Unarmed Combat


You had 2 spell levels left.
You didn't know any spells.
Your spell library was empty.

Dungeon Overview and Level Annotations

Branches:
Dungeon (3/15)

Altars:


Innate Abilities, Weirdness & Mutations

You cannot wear armour.
You are incapable of wielding weapons or throwing items.
Your paws allow you to move quietly. (Stealth)
You have sharp claws.
You have razor-sharp teeth.
You have supernaturally acute eyesight. (SInv)
You are carnivorous and can eat meat at any time.
You cover ground quickly.
You are covered in fur. (AC +1)
You have a slow metabolism.
Your sharp claws are effective at attacking unaware monsters.


Message History

This raw flesh tastes great.
Eating one of 2 chunks of flesh.
You eat one of the 2 chunks of flesh.
This raw flesh tastes great.
Eating a chunk of flesh.
You eat the chunk of flesh.
This raw flesh tastes great.
You see here a ring mail.
There is a stone staircase leading down here.
You climb downwards.
An orc wizard comes into view. It is wielding a dagger.
The orc wizard shouts!
The orc shouts!
You hear a shout!
The orc wizard mumbles some strange words.
The orc wizard seems to speed up.
The orc hits you with a club.
The orc priest invokes the aid of Beogh against you.
Beogh smites you!
Ouch! That really hurt!
* * * LOW HITPOINT WARNING * * *
There is a stone staircase leading up, spattered with blood here.
The orc wizard casts a spell.
The orc wizard blinks!
The orc hits you with a club.
You die...

## ..# ยง.
#####.#.###
#..@oo..g..
#.##)##....
# .# . .#
##


You could see an orc priest, an orc and a hobgoblin.

Vanquished Creatures
  4 gnolls (D:2)
  An adder (D:2)
  A worm (D:2)
  2 dart slugs
  2 leopard geckos (D:2)
  2 orcs
  A giant cockroach (D:2)
  6 hobgoblins
  A ball python (D:1)
  7 bats
  4 frilled lizards
  7 goblins
  4 kobolds
  15 rats (D:1)
57 creatures vanquished.

Notes
Turn   | Place    | Note
-------+----------+-------------------------------------------
     0 | D:1      | Htamos the Felid Monk began the quest for the Orb.
     0 | D:1      | Reached XP level 1. HP: 10/10 MP: 2/2
    31 | D:1      | Reached XP level 2. HP: 14/14 MP: 3/3
   720 | D:1      | Reached XP level 3. HP: 17/17 MP: 4/4
   761 | D:2      | Reached skill level 5 in Dodging
  1324 | D:2      | Reached XP level 4. HP: 19/21 MP: 5/5
  2344 | D:3      | Noticed a sky beast
  2731 | D:2      | HP: 1/22 [worker ant (4)]
  2732 | D:2      | Slain by a worker ant
  2733 | D:2      | Reached XP level 3. HP: -4/18 MP: 4/4
  2757 | D:3      | Slain by an orc

Vault maps used:
D:1:      erik_arrival_orb_chamber, minmay_tromino_v4_a
D:2:      kb_forest_paths
D:3:      wad_floor_pattern_untrapped, minmay_misc_feat_rows,
          minmay_misc_feat_tiny, trog_book, uniq_sigmund, uniq_grinder

Skill      XL: |  1  2  3 |
---------------+----------+-----
Dodging        | 5 |  5.8
Fighting       | |  3.7
Stealth        | |  2.6
Unarmed Combat | |  3.7

Action                   |  1- 3 |  4- 6 || total
-------------------------+-------+-------++-------
Melee: Unarmed           |    99 |    74 ||   173
       Bite              |    13 |     8 ||    21
       Punch             |     1 |     1 ||     2
  Use: Potion            |       |     4 ||     4
 Stab: Sleeping          |     7 |     2 ||     9
  Eat: Chunk             |    11 |     3 ||    14
Armor: Skin              |     2 |     7 ||     9
Dodge: Dodged            |    67 |    53 ||   120

Table legend:
 A = Spawn XP
 B = Non-spawn XP
 C = Spawn XP percentage of total XP
 D = Spawn monster count
 E = Non-spawn monster count
 F = Spawn count percentage of total count
 G = Total turns spent on level
                    A         B        C        D         E        F      G
               +---------+---------+-------+---------+---------+-------+---------
         Total |       0 |     154 |   0.0 |       0 |      57 |   0.0 |  2757
               +---------+---------+-------+---------+---------+-------+---------
           D:1 |       0 |      43 |   0.0 |       0 |      32 |   0.0 |   749
           D:2 |       0 |     105 |   0.0 |       0 |      22 |   0.0 |  1980
           D:3 |       0 |       6 |   0.0 |       0 |       3 |   0.0 |    28
               +---------+---------+-------+---------+---------+-------+---------
